Thunderbirds vs Rampage
Created - February 26, 2022 at 08:52
Goals
|
Thunderbirds |
0 |
3 |
3 |
6 |
Rampage |
2 |
1 |
2 |
5 |
|
Shots
|
Thunderbirds |
11 |
19 |
13 |
43 |
Rampage |
9 |
16 |
18 |
43 |
|
1st period
1. Rampage , Denis Gurianov 7 (Ryan Lomberg 17, Jordan Greenway 3) at 6:42
2. Rampage , Petr Straka 11 (Jack Roslovic 18) at 18:55
Penalties :
John Draeger (Spr) for Slashing (Minor) at 8:07
2nd period
3. Thunderbirds , Matt Puempel 3 (Griffin Reinhart 25, Mitchell Heard 9) at 3:17
4. Thunderbirds , Valentin Zykov 25 (Quinton Howden 29) at 3:37
5. Rampage , Ryan Lomberg 12 (Denis Gurianov 11, Tony DeAngelo 17) at 6:18 (PP)
6. Thunderbirds , Elias Lindholm 14 (Kirill Kaprizov 16) at 7:31
Penalties :
Niklas Hansson (Spr) for Hooking (Minor) at 5:12, Tom Kuhnhackl (Spr) for Tripping (Minor) at 17:54
3rd period
7. Rampage , Denis Gurianov 8 (T.J. Tynan 12, Ryan Lomberg 18) at 3:37
8. Thunderbirds , Mitchell Heard 10 (Hudson Fasching 7, Matt Puempel 9) at 7:45
9. Thunderbirds , Kirill Kaprizov 10 (Tom Kuhnhackl 16) at 8:43 (PP)
10. Thunderbirds , Jerry D'Amigo 12 (Quinton Howden 30, Tom Kuhnhackl 17) at 14:20
11. Rampage , Brendan Lemieux 14 (Jack Roslovic 19) at 18:37
Penalties :
Denis Gurianov (San) for Tripping (Minor) at 7:48
Goalie Stats
Carter Hutton (Spr), 38 saves from 43 shots - (0.884), W, 12-4-3, 60:00 minutes
Elvis Merzlikins (San), 37 saves from 43 shots - (0.860), L, 13-9-5, 59:35 minutes
Players Stats for Thunderbirds
Player Name G A P +/- PIM S H SB GA TA FO MP PP MP PK MP
------------------------------------------------------------------------------------
Elias Lindholm 1 0 1 1 0 2 0 0 0 0 6/16 17:12 0:48 1:44
Griffin Reinhart 0 1 1 1 0 3 4 1 2 1 0/0 30:07 0:42 3:17
Hudson Fasching 0 1 1 1 0 3 1 0 0 0 0/0 13:30 0:00 0:56
Jake Walman 0 0 0 -1 0 0 1 1 0 0 0/0 11:47 0:00 0:40
Jerry D'Amigo 1 0 1 -1 0 2 3 1 0 0 0/1 20:58 0:07 0:00
John Draeger 0 0 0 1 2 0 1 1 1 0 0/0 19:47 0:13 2:13
Kirill Kaprizov 1 1 2 1 0 2 3 0 0 0 0/0 15:59 0:48 1:08
Matt Puempel 1 1 2 1 0 1 2 0 1 0 0/1 12:45 0:00 0:46
Michal Jordan 0 0 0 1 0 2 2 1 0 0 0/0 18:03 0:13 0:53
Mitchell Heard 1 1 2 1 0 4 0 1 0 0 3/6 12:07 0:00 0:09
Nicklas Jensen 0 0 0 0 0 1 1 0 0 0 0/0 6:32 0:00 0:00
Niklas Hansson 0 0 0 1 2 3 3 1 0 0 0/0 29:43 0:42 3:05
Quinton Howden 0 2 2 -1 0 4 1 1 2 1 25/51 24:02 0:07 3:04
Roberts Lipsbergs 0 0 0 0 0 0 1 0 0 0 0/0 6:44 0:00 0:12
Tanner Laczynski 0 0 0 0 0 3 0 0 0 0 2/3 6:32 0:00 0:00
Tom Kuhnhackl 0 2 2 1 2 7 0 0 0 0 1/1 17:00 0:48 2:09
Valentin Zykov 1 0 1 -1 0 6 2 1 3 0 0/2 20:58 0:07 0:00
Viktor Baldayev 0 0 0 -1 0 0 2 1 0 0 0/0 11:07 0:00 0:00
Players Stats for Rampage
Player Name G A P +/- PIM S H SB GA TA FO MP PP MP PK MP
------------------------------------------------------------------------------------
Adam Clendening 0 0 0 -2 0 1 0 0 0 0 0/0 15:55 0:00 0:00
Artturi Lehkonen 0 0 0 0 0 2 0 0 0 0 1/1 7:20 0:07 0:48
Brendan Lemieux 1 0 1 -1 0 5 2 1 1 1 1/1 23:32 2:15 0:07
Collin Miller 0 0 0 -2 0 2 1 1 0 1 0/0 13:58 1:42 0:00
Denis Gurianov 2 1 3 2 2 5 0 0 0 0 0/0 16:55 2:42 0:00
Dylan Gambrell 0 0 0 0 0 0 0 0 0 0 1/1 6:25 0:00 0:00
Dylan Sikura 0 0 0 0 0 0 1 0 0 0 1/1 8:40 2:15 0:00
Ethan Bear 0 0 0 1 0 2 0 1 0 2 0/0 19:59 3:22 0:00
Jack Roslovic 0 2 2 -1 0 4 2 0 0 1 26/46 23:32 2:15 0:07
Jean-Sebastien Dea 0 0 0 -2 0 2 0 1 0 0 8/15 15:02 2:42 0:00
Jordan Greenway 0 1 1 -2 0 2 1 0 0 0 0/2 13:00 0:00 0:48
Kevan Miller 0 0 0 0 0 2 2 2 1 1 0/0 27:23 1:42 0:00
Mathieu Joseph 0 0 0 -2 0 3 3 0 0 0 0/0 12:19 0:07 0:00
Nikita Nesterov 0 0 0 1 0 1 0 3 0 1 0/0 16:28 0:00 0:55
Petr Straka 1 0 1 -1 0 4 4 0 0 0 2/3 21:10 0:00 0:00
Ryan Lomberg 1 2 3 2 0 1 1 3 0 0 0/0 16:56 2:42 0:00
T.J. Tynan 0 1 1 2 0 3 4 0 0 1 4/11 14:13 0:07 0:00
Tony DeAngelo 0 1 1 0 0 4 2 2 0 1 0/0 26:17 3:22 0:55
3 Stars
1 - Ryan Lomberg (San)
2 - Denis Gurianov (San)
3 - Kirill Kaprizov (Spr)
Power Play
Thunderbirds - 1 on 1 Attempt(s) - 100.00%
Rampage - 1 on 3 Attempt(s) - 33.33%
Penalty Kill
Thunderbirds - 2 on 3 Attempt(s) - 66.67%
- Score 0 goal in Penalty Kill
Rampage - 0 on 1 Attempt(s) - 0.00%
- Score 0 goal in Penalty Kill
Team Stat
Thunderbirds - Hits : 27 - Faceoff Wins : 37 - Blocked Shots : 10 - Penalty Minutes : 6
Rampage - Hits : 23 - Faceoff Wins : 44 - Blocked Shots : 14 - Penalty Minutes : 2
Official
Referees : Gord Dwyer and Furman South
Linesman : Kory Nagy and Julien Fournier
Game Notes
11:20 of 3rd period - Rampage goal is going for a video replay. After video review, No Goal. The puck has been directed, batted or thrown into the net by an attacking player other than with a stick.
Finance
Level 1 -- Attendance: 2000 (100.00%) -- Ticket Income $70,000
Level 2 -- Attendance: 928 (92.80%) -- Ticket Income $13,920
Total Attendance: 2928 (97.60%)
Total Ticket Income: $83,920
Other Income: $4,196
Total Income: $88,116
Thunderbirds
5 vs 5 Forward
Center Left Wing Right Wing Time % Phy DF OF
1 Quinton Howden Valentin Zykov Jerry D'Amigo 40 0 2 3
2 Elias Lindholm Kirill Kaprizov Tom Kuhnhackl 30 0 2 3
3 Mitchell Heard Matt Puempel Hudson Fasching 20 1 2 2
4 Tanner Laczynski Roberts Lipsbergs Nicklas Jensen 10 0 2 3
5 vs 5 Defense
Defense Defense Time % Phy DF OF
1 Griffin Reinhart Niklas Hansson 40 0 2 3
2 Michal Jordan John Draeger 30 1 2 2
3 Viktor Baldayev Jake Walman 20 1 2 2
4 Griffin Reinhart Niklas Hansson 10 0 2 3
PowerPlay Forward
Center Left Wing Right Wing Time % Phy DF OF
1 Quinton Howden Valentin Zykov Jerry D'Amigo 60 0 1 4
2 Elias Lindholm Kirill Kaprizov Tom Kuhnhackl 40 0 1 4
PowerPlay Defense
Defense Defense Time % Phy DF OF
1 Griffin Reinhart Niklas Hansson 60 0 2 3
2 Michal Jordan John Draeger 40 0 2 3
Penalty Kill 4 Players Forward
Center Wing Time % Phy DF OF
1 Quinton Howden Tom Kuhnhackl 60 1 3 1
2 Elias Lindholm Hudson Fasching 40 1 3 1
Penalty Kill 4 Players Defense
Defense Defense Time % Phy DF OF
1 John Draeger Niklas Hansson 60 1 4 0
2 Griffin Reinhart Michal Jordan 40 1 4 0
Penalty Kill - 3 Players Forward
Forward Time % Phy DF OF
1 Quinton Howden 60 1 3 1
2 Tom Kuhnhackl 40 1 3 1
Penalty Kill - 3 Players Defense
Defense Defense Time % Phy DF OF
1 John Draeger Niklas Hansson 60 1 4 0
2 Griffin Reinhart Michal Jordan 40 1 4 0
4 vs 4 Forward
Center Wing Time % Phy DF OF
1 Quinton Howden Valentin Zykov 60 0 2 3
2 Elias Lindholm Kirill Kaprizov 40 0 2 3
4 vs 4 Defense
Defense Defense Time % Phy DF OF
1 Griffin Reinhart Niklas Hansson 60 0 2 3
2 Michal Jordan John Draeger 40 0 2 3
Last Minutes Offensive
Center Left Wing Right Wing Defense Defense
Quinton Howden Valentin Zykov Jerry D'Amigo Griffin Reinhart Niklas Hansson
Last Minutes Defensive
Center Left Wing Right Wing Defense Defense
Quinton Howden Valentin Zykov Jerry D'Amigo John Draeger Niklas Hansson
Goaltenders
Starting : Carter Hutton
Backup : Igor Bobkov
Extra Forwards
Normal : Kirill Kaprizov, Valentin Zykov, Elias Lindholm - PP : Kirill Kaprizov, Valentin Zykov - PK : Kirill Kaprizov
Extra Defensemen
Normal : Michal Jordan, Griffin Reinhart, Niklas Hansson - PP : Jake Walman - PK : John Draeger, Niklas Hansson
Penalty Shots
Tanner Laczynski, Tom Kuhnhackl, Quinton Howden, Elias Lindholm, Kirill Kaprizov
Scratches
Austin Poganski (Healthy), Connor Honey (Healthy), Dmytro Timashov (Healthy), Keaton Thompson (Healthy), Kyle Platzer (Healthy)
Lukas Vejdemo (Healthy), Michael McCarron (Healthy), Nelson Nogier (Healthy), Clayton Keller (Healthy), Calvin Thurkauf (Healthy)
Artur Kayumov (Healthy), Niklas Treutle (Healthy), Artyom Zagidulin (Healthy)
Rampage
5 vs 5 Forward
Center Left Wing Right Wing Time % Phy DF OF
1 Jack Roslovic Brendan Lemieux Petr Straka 40 1 2 2
2 T.J. Tynan Ryan Lomberg Denis Gurianov 30 1 2 2
3 Jean-Sebastien Dea Jordan Greenway Mathieu Joseph 20 1 2 2
4 Dylan Gambrell Artturi Lehkonen Dylan Sikura 10 1 2 2
5 vs 5 Defense
Defense Defense Time % Phy DF OF
1 Kevan Miller Tony DeAngelo 40 1 2 2
2 Nikita Nesterov Ethan Bear 30 1 2 2
3 Adam Clendening Collin Miller 20 1 2 2
4 Kevan Miller Adam Clendening 10 1 2 2
PowerPlay Forward
Center Left Wing Right Wing Time % Phy DF OF
1 Jack Roslovic Brendan Lemieux Dylan Sikura 60 1 2 2
2 Jean-Sebastien Dea Ryan Lomberg Denis Gurianov 40 1 2 2
PowerPlay Defense
Defense Defense Time % Phy DF OF
1 Ethan Bear Tony DeAngelo 60 1 2 2
2 Kevan Miller Collin Miller 40 1 2 2
Penalty Kill 4 Players Forward
Center Wing Time % Phy DF OF
1 Jack Roslovic Brendan Lemieux 60 1 2 2
2 T.J. Tynan Mathieu Joseph 40 1 2 2
Penalty Kill 4 Players Defense
Defense Defense Time % Phy DF OF
1 Tony DeAngelo Nikita Nesterov 60 1 2 2
2 Collin Miller Adam Clendening 40 1 2 2
Penalty Kill - 3 Players Forward
Forward Time % Phy DF OF
1 T.J. Tynan 60 1 2 2
2 Jack Roslovic 40 1 2 2
Penalty Kill - 3 Players Defense
Defense Defense Time % Phy DF OF
1 Nikita Nesterov Tony DeAngelo 60 1 2 2
2 Collin Miller Adam Clendening 40 1 2 2
4 vs 4 Forward
Center Wing Time % Phy DF OF
1 Jean-Sebastien Dea Petr Straka 60 1 2 2
2 T.J. Tynan Mathieu Joseph 40 1 2 2
4 vs 4 Defense
Defense Defense Time % Phy DF OF
1 Kevan Miller Tony DeAngelo 60 1 2 2
2 Collin Miller Nikita Nesterov 40 1 2 2
Last Minutes Offensive
Center Left Wing Right Wing Defense Defense
Jack Roslovic Brendan Lemieux Petr Straka Ethan Bear Tony DeAngelo
Last Minutes Defensive
Center Left Wing Right Wing Defense Defense
T.J. Tynan Brendan Lemieux Mathieu Joseph Adam Clendening Collin Miller
Goaltenders
Starting : Elvis Merzlikins
Backup : Brandon Halverson
Extra Forwards
Normal : Denis Gurianov, Jean-Sebastien Dea, Jordan Greenway - PP : Denis Gurianov, Jean-Sebastien Dea - PK : Jordan Greenway
Extra Defensemen
Normal : Ethan Bear, Nikita Nesterov, Collin Miller - PP : Ethan Bear - PK : Nikita Nesterov, Collin Miller
Penalty Shots
Jack Roslovic, Petr Straka, T.J. Tynan, Jean-Sebastien Dea, Dylan Sikura
Scratches
Jacob De La Rose (Sports Hernia Injury), Roland McKeown (Abdomen/Ribs Injury), Scott Wilson (Healthy), Timo Meier (Bruised Right Shoulder Injury), Nicholas Caamano (Healthy)
Eamon McAdam (Healthy)
% Time on Ice - Thunderbirds
Lines # - Real PCT - Wanted PCT - Time Play
Normal Forward
1 - 37% - 40% - 19:53
2 - 28% - 30% - 14:39
3 - 23% - 20% - 11:58
4 - 12% - 10% - 6:32
Normal Defense
1 - 40% - 40% - 21:21
2 - 32% - 30% - 16:57
3 - 21% - 20% - 11:07
4 - 7% - 10% - 3:37
PP Forward
1 - 13% - 60% - 0:07
2 - 87% - 40% - 0:48
PP Defense
1 - 76% - 60% - 0:42
2 - 24% - 40% - 0:13
PK Forward
1 - 82% - 60% - 4:08
2 - 18% - 40% - 0:56
PK Defense
1 - 83% - 60% - 4:11
2 - 17% - 40% - 0:53
PK3 Forward
1 - 0% - 60%
2 - 0% - 40%
PK3 Defense
1 - 0% - 60%
2 - 0% - 40%
44 Forward
1 - 0% - 60%
2 - 0% - 40%
44 Defense
1 - 0% - 60%
2 - 0% - 40%
Last Minute Offensive - 0:00
Last Minute Defensive - 0:59
Total
Forward - 60:00
Defense - 60:00
|
% Time on Ice - Rampage
Lines # - Real PCT - Wanted PCT - Time Play
Normal Forward
1 - 38% - 40% - 20:12
2 - 27% - 30% - 14:14
3 - 23% - 20% - 12:12
4 - 12% - 10% - 6:25
Normal Defense
1 - 40% - 40% - 21:02
2 - 30% - 30% - 16:06
3 - 22% - 20% - 11:43
4 - 8% - 10% - 4:12
PP Forward
1 - 47% - 60% - 2:22
2 - 53% - 40% - 2:42
PP Defense
1 - 66% - 60% - 3:22
2 - 34% - 40% - 1:42
PK Forward
1 - 100% - 60% - 0:55
2 - 0% - 40% - 0:00
PK Defense
1 - 100% - 60% - 0:55
2 - 0% - 40% - 0:00
PK3 Forward
1 - 0% - 60%
2 - 0% - 40%
PK3 Defense
1 - 0% - 60%
2 - 0% - 40%
44 Forward
1 - 0% - 60%
2 - 0% - 40%
44 Defense
1 - 0% - 60%
2 - 0% - 40%
Last Minute Offensive - 0:58
Last Minute Defensive - 0:00
Total
Forward - 60:00
Defense - 60:00
|
Play-by-Play
1st period
0:01 of 1st period - Quinton Howden wins face-off versus Jack Roslovic in neutral zone.
0:08 of 1st period - Snap shot by Valentin Zykov.
0:08 of 1st period - Shot Blocked by Tony DeAngelo.
0:28 of 1st period - Kevan Miller is hit by Kirill Kaprizov.
1:25 of 1st period - Jerry D'Amigo is hit by Petr Straka.
1:49 of 1st period - Wrist shot by Denis Gurianov.
1:49 of 1st period - Stopped by Carter Hutton with a rebound.
1:59 of 1st period - Snap shot by Valentin Zykov.
1:59 of 1st period - Stopped by Elvis Merzlikins without a rebound.
2:00 of 1st period - Jack Roslovic wins face-off versus Elias Lindholm in Rampage zone.
2:33 of 1st period - Mitchell Heard is hit by Kevan Miller and loses puck.
3:04 of 1st period - Kevan Miller is hit by Griffin Reinhart and loses puck.
3:30 of 1st period - Kevan Miller is hit by Nicklas Jensen.
3:34 of 1st period - Snap shot by Ryan Lomberg.
3:34 of 1st period - Shot Misses the Net.
3:36 of 1st period - Slapshot by Kevan Miller.
3:36 of 1st period - Stopped by Carter Hutton with a rebound.
3:45 of 1st period - Icing by Niklas Hansson.
3:46 of 1st period - Tanner Laczynski wins face-off versus Jack Roslovic in Thunderbirds zone.
4:01 of 1st period - Wrist shot by Tanner Laczynski.
4:01 of 1st period - Shot Misses the Net.
4:03 of 1st period - Slapshot by Griffin Reinhart.
4:03 of 1st period - Shot Misses the Net.
4:05 of 1st period - Slapshot by Griffin Reinhart.
4:05 of 1st period - Stopped by Elvis Merzlikins with a rebound.
4:07 of 1st period - Slapshot by Niklas Hansson.
4:07 of 1st period - Shot Blocked by Ethan Bear.
4:09 of 1st period - Slapshot by Griffin Reinhart.
4:09 of 1st period - Stopped by Elvis Merzlikins with a rebound.
4:11 of 1st period - Snap shot by Griffin Reinhart.
4:11 of 1st period - Stopped by Elvis Merzlikins with a rebound.
4:13 of 1st period - Slapshot by Tanner Laczynski.
4:13 of 1st period - Stopped by Elvis Merzlikins without a rebound.
4:14 of 1st period - Jean-Sebastien Dea wins face-off versus Quinton Howden in Rampage zone.
4:21 of 1st period - Snap shot by Jean-Sebastien Dea.
4:21 of 1st period - Shot Misses the Net.
4:44 of 1st period - Snap shot by Artturi Lehkonen.
4:44 of 1st period - Shot Misses the Net.
5:04 of 1st period - Kevan Miller is hit by Jake Walman and loses puck.
5:21 of 1st period - John Draeger is hit by T.J. Tynan and loses puck.
5:49 of 1st period - Griffin Reinhart is hit by Dylan Sikura and loses puck.
6:19 of 1st period - Michal Jordan is hit by Jordan Greenway and loses puck.
6:42 of 1st period - Snap shot by Denis Gurianov.
6:42 of 1st period - Goal by Denis Gurianov - Thunderbirds : 0 - Rampage : 1.
6:43 of 1st period - Brendan Lemieux wins face-off versus Quinton Howden in neutral zone.
6:58 of 1st period - Slapshot by Valentin Zykov.
6:58 of 1st period - Stopped by Elvis Merzlikins without a rebound.
6:59 of 1st period - Jean-Sebastien Dea wins face-off versus Elias Lindholm in Rampage zone.
7:08 of 1st period - Wrist shot by Tony DeAngelo.
7:08 of 1st period - Stopped by Carter Hutton with a rebound.
7:28 of 1st period - Off-side.
7:29 of 1st period - Jack Roslovic wins face-off versus Quinton Howden in neutral zone.
7:50 of 1st period - Petr Straka is hit by Jerry D'Amigo.
8:07 of 1st period - Minor Penalty to John Draeger for Slashing.
8:08 of 1st period - Jean-Sebastien Dea wins face-off versus Quinton Howden in Thunderbirds zone.
8:34 of 1st period - Dylan Sikura is hit by Kirill Kaprizov.
8:51 of 1st period - Icing by Denis Gurianov.
8:52 of 1st period - Jean-Sebastien Dea wins face-off versus Quinton Howden in Rampage zone.
8:56 of 1st period - Icing by Denis Gurianov.
8:57 of 1st period - Quinton Howden wins face-off versus Jean-Sebastien Dea in Rampage zone.
9:16 of 1st period - Snap shot by Brendan Lemieux.
9:16 of 1st period - Shot Misses the Net.
9:55 of 1st period - Niklas Hansson is hit by Brendan Lemieux and loses puck.
10:07 of 1st period - Penalty to John Draeger is over, John Draeger is back on ice.
10:25 of 1st period - Wrist shot by Elias Lindholm.
10:25 of 1st period - Shot Misses the Net.
10:35 of 1st period - Michal Jordan is hit by Collin Miller and loses puck.
10:51 of 1st period - Slapshot by Tanner Laczynski.
10:51 of 1st period - Stopped by Elvis Merzlikins with a rebound.
10:53 of 1st period - Slapshot by Griffin Reinhart.
10:53 of 1st period - Shot Blocked by Nikita Nesterov.
10:55 of 1st period - Slapshot by Tanner Laczynski.
10:55 of 1st period - Stopped by Elvis Merzlikins without a rebound.
10:56 of 1st period - Jack Roslovic wins face-off versus Quinton Howden in Rampage zone.
11:03 of 1st period - Quinton Howden is hit by Jack Roslovic and loses puck.
11:22 of 1st period - Ethan Bear is hit by Viktor Baldayev and loses puck.
11:29 of 1st period - Backhand shot by Tanner Laczynski.
11:29 of 1st period - Deflect By Ethan Bear.
11:29 of 1st period - Shot Misses the Net.
11:29 of 1st period - Puck is out of play.
11:30 of 1st period - T.J. Tynan wins face-off versus Quinton Howden in Rampage zone.
11:44 of 1st period - Off-side.
11:45 of 1st period - Jack Roslovic wins face-off versus Elias Lindholm in neutral zone.
12:32 of 1st period - Snap shot by Elias Lindholm.
12:32 of 1st period - Shot Blocked by Ryan Lomberg.
13:02 of 1st period - Backhand shot by Tom Kuhnhackl.
13:02 of 1st period - Shot Misses the Net.
13:04 of 1st period - Snap shot by Tom Kuhnhackl.
13:04 of 1st period - Stopped by Elvis Merzlikins with a rebound.
13:06 of 1st period - Slapshot by Tom Kuhnhackl.
13:06 of 1st period - Stopped by Elvis Merzlikins with a rebound.
13:08 of 1st period - Slapshot by Niklas Hansson.
13:08 of 1st period - Stopped by Elvis Merzlikins without a rebound.
13:09 of 1st period - Petr Straka wins face-off versus Quinton Howden in Rampage zone.
13:22 of 1st period - Snap shot by Jack Roslovic.
13:22 of 1st period - Shot Misses the Net.
13:24 of 1st period - Slapshot by Kevan Miller.
13:24 of 1st period - Deflect By Brendan Lemieux.
13:24 of 1st period - Shot Misses the Net.
13:24 of 1st period - Puck is out of play.
13:25 of 1st period - Artturi Lehkonen wins face-off versus Mitchell Heard in Thunderbirds zone.
14:15 of 1st period - Snap shot by Denis Gurianov.
14:15 of 1st period - Shot Blocked by Jake Walman.
14:17 of 1st period - Snap shot by Denis Gurianov.
14:17 of 1st period - Deflect By T.J. Tynan.
14:17 of 1st period - Stopped by Carter Hutton with a rebound.
14:19 of 1st period - Snap shot by T.J. Tynan.
14:19 of 1st period - Stopped by Carter Hutton without a rebound.
14:20 of 1st period - Quinton Howden wins face-off versus Jean-Sebastien Dea in Thunderbirds zone.
15:13 of 1st period - Snap shot by Tom Kuhnhackl.
15:13 of 1st period - Shot Blocked by Ryan Lomberg.
15:33 of 1st period - Slapshot by Quinton Howden.
15:33 of 1st period - Deflect By Ethan Bear.
15:33 of 1st period - Shot Blocked by Nikita Nesterov.
15:33 of 1st period - Puck is out of play.
15:34 of 1st period - Jack Roslovic wins face-off versus Quinton Howden in Rampage zone.
16:27 of 1st period - Snap shot by Jordan Greenway.
16:27 of 1st period - Deflect By Jean-Sebastien Dea.
16:27 of 1st period - Stopped by Carter Hutton with a rebound.
16:29 of 1st period - Snap shot by Ethan Bear.
16:29 of 1st period - Deflect By Tom Kuhnhackl.
16:29 of 1st period - Stopped by Carter Hutton without a rebound.
16:30 of 1st period - Quinton Howden wins face-off versus Jack Roslovic in Thunderbirds zone.
16:34 of 1st period - Off-side.
16:35 of 1st period - Jack Roslovic wins face-off versus Quinton Howden in neutral zone.
17:02 of 1st period - Ryan Lomberg is hit by Matt Puempel and loses puck.
18:25 of 1st period - Off-side.
18:26 of 1st period - Mitchell Heard wins face-off versus T.J. Tynan in neutral zone.
18:51 of 1st period - Jack Roslovic is hit by Jerry D'Amigo.
18:55 of 1st period - Wrist shot by Petr Straka.
18:55 of 1st period - Goal by Petr Straka - Thunderbirds : 0 - Rampage : 2.
18:56 of 1st period - Quinton Howden wins face-off versus Jack Roslovic in neutral zone.
19:01 of 1st period - Tony DeAngelo is hit by Griffin Reinhart and loses puck.
19:46 of 1st period - Niklas Hansson is hit by Kevan Miller and loses puck.
Goals for this period are 0 for Thunderbirds vs 2 for Rampage.
Shots for this period are 11 for Thunderbirds vs 9 for Rampage.
2nd period
0:01 of 2nd period - Jack Roslovic wins face-off versus Quinton Howden in neutral zone.
0:16 of 2nd period - Snap shot by Valentin Zykov.
0:16 of 2nd period - Deflect By Jerry D'Amigo.
0:16 of 2nd period - Shot Misses the Net.
0:16 of 2nd period - Puck is out of play.
0:17 of 2nd period - Jean-Sebastien Dea wins face-off versus Mitchell Heard in Rampage zone.
0:42 of 2nd period - Quinton Howden is hit by Petr Straka and loses puck.
0:47 of 2nd period - Wrist shot by Brendan Lemieux.
0:47 of 2nd period - Stopped by Carter Hutton with a rebound.
0:49 of 2nd period - Slapshot by Nikita Nesterov.
0:49 of 2nd period - Deflect By Jack Roslovic.
0:49 of 2nd period - Stopped by Carter Hutton without a rebound.
0:50 of 2nd period - Quinton Howden wins face-off versus Jack Roslovic in Thunderbirds zone.
0:54 of 2nd period - Icing by John Draeger.
0:55 of 2nd period - Quinton Howden wins face-off versus Jack Roslovic in Thunderbirds zone.
1:20 of 2nd period - Slapshot by Kirill Kaprizov.
1:20 of 2nd period - Shot Misses the Net.
1:42 of 2nd period - Mathieu Joseph is hit by Michal Jordan and loses puck.
1:49 of 2nd period - Hudson Fasching is hit by Mathieu Joseph and loses puck.
2:04 of 2nd period - Wrist shot by Michal Jordan.
2:04 of 2nd period - Shot Misses the Net.
2:06 of 2nd period - Slapshot by Michal Jordan.
2:06 of 2nd period - Stopped by Elvis Merzlikins with a rebound.
2:08 of 2nd period - Snap shot by Nicklas Jensen.
2:08 of 2nd period - Stopped by Elvis Merzlikins with a rebound.
2:26 of 2nd period - Snap shot by Quinton Howden.
2:26 of 2nd period - Stopped by Elvis Merzlikins without a rebound.
2:27 of 2nd period - Jack Roslovic wins face-off versus Valentin Zykov in Rampage zone.
3:17 of 2nd period - Snap shot by Matt Puempel.
3:17 of 2nd period - Goal by Matt Puempel - Thunderbirds : 1 - Rampage : 2.
3:18 of 2nd period - Quinton Howden wins face-off versus Petr Straka in neutral zone.
3:21 of 2nd period - Brendan Lemieux is hit by Jerry D'Amigo and loses puck.
3:29 of 2nd period - Icing by Brendan Lemieux.
3:30 of 2nd period - Quinton Howden wins face-off versus Jack Roslovic in Rampage zone.
3:33 of 2nd period - Snap shot by Valentin Zykov.
3:33 of 2nd period - Shot Blocked by Brendan Lemieux.
3:35 of 2nd period - Snap shot by Quinton Howden.
3:35 of 2nd period - Stopped by Elvis Merzlikins without a rebound.
3:36 of 2nd period - Quinton Howden wins face-off versus Jack Roslovic in Rampage zone.
3:37 of 2nd period - Wrist shot by Valentin Zykov.
3:37 of 2nd period - Goal by Valentin Zykov - Thunderbirds : 2 - Rampage : 2.
3:38 of 2nd period - Jack Roslovic wins face-off versus Quinton Howden in neutral zone.
3:45 of 2nd period - Snap shot by Brendan Lemieux.
3:45 of 2nd period - Shot Blocked by Valentin Zykov.
4:03 of 2nd period - Snap shot by Tom Kuhnhackl.
4:03 of 2nd period - Shot Misses the Net.
4:05 of 2nd period - Slapshot by Elias Lindholm.
4:05 of 2nd period - Stopped by Elvis Merzlikins with a rebound.
4:07 of 2nd period - Snap shot by Kirill Kaprizov.
4:07 of 2nd period - Shot Misses the Net.
4:11 of 2nd period - Wrist shot by Tom Kuhnhackl.
4:11 of 2nd period - Stopped by Elvis Merzlikins without a rebound.
4:12 of 2nd period - Quinton Howden wins face-off versus Jean-Sebastien Dea in Rampage zone.
4:13 of 2nd period - Wrist shot by Valentin Zykov.
4:13 of 2nd period - Stopped by Elvis Merzlikins with a rebound.
4:42 of 2nd period - Off-side.
4:43 of 2nd period - Jack Roslovic wins face-off versus Elias Lindholm in neutral zone.
4:46 of 2nd period - Slapshot by Collin Miller.
4:46 of 2nd period - Stopped by Carter Hutton with a rebound.
4:48 of 2nd period - Wrist shot by Petr Straka.
4:48 of 2nd period - Shot Misses the Net.
4:50 of 2nd period - Wrist shot by Collin Miller.
4:50 of 2nd period - Stopped by Carter Hutton without a rebound.
4:51 of 2nd period - Jack Roslovic wins face-off versus Quinton Howden in Thunderbirds zone.
4:52 of 2nd period - Snap shot by Brendan Lemieux.
4:52 of 2nd period - Shot Blocked by Niklas Hansson.
5:12 of 2nd period - Minor Penalty to Niklas Hansson for Hooking.
5:13 of 2nd period - Jack Roslovic wins face-off versus Quinton Howden in Thunderbirds zone.
5:14 of 2nd period - Wrist shot by Brendan Lemieux.
5:14 of 2nd period - Deflect By Jack Roslovic.
5:14 of 2nd period - Shot Blocked by Griffin Reinhart.
5:14 of 2nd period - Puck is out of play.
5:15 of 2nd period - Quinton Howden wins face-off versus Jack Roslovic in Thunderbirds zone.
5:41 of 2nd period - Icing by Denis Gurianov.
5:42 of 2nd period - Quinton Howden wins face-off versus Jean-Sebastien Dea in Rampage zone.
5:51 of 2nd period - Snap shot by Denis Gurianov.
5:51 of 2nd period - Stopped by Carter Hutton with a rebound.
6:01 of 2nd period - Quinton Howden is hit by Ryan Lomberg and loses puck.
6:14 of 2nd period - Snap shot by Tony DeAngelo.
6:14 of 2nd period - Shot Misses the Net.
6:16 of 2nd period - Wrist shot by Denis Gurianov.
6:16 of 2nd period - Shot Misses the Net.
6:18 of 2nd period - Snap shot by Ryan Lomberg.
6:18 of 2nd period - Goal by Ryan Lomberg - Thunderbirds : 2 - Rampage : 3.
6:19 of 2nd period - Jack Roslovic wins face-off versus Matt Puempel in neutral zone.
6:22 of 2nd period - Mitchell Heard is hit by Petr Straka and loses puck.
6:27 of 2nd period - Snap shot by Jack Roslovic.
6:27 of 2nd period - Stopped by Carter Hutton with a rebound.
6:29 of 2nd period - Snap shot by Brendan Lemieux.
6:29 of 2nd period - Stopped by Carter Hutton without a rebound.
6:30 of 2nd period - Quinton Howden wins face-off versus Jack Roslovic in Thunderbirds zone.
6:30 of 2nd period - Quinton Howden is hit by Tony DeAngelo.
7:27 of 2nd period - Wrist shot by Kirill Kaprizov.
7:27 of 2nd period - Deflect By Tom Kuhnhackl.
7:27 of 2nd period - Stopped by Elvis Merzlikins without a rebound.
7:28 of 2nd period - Elias Lindholm wins face-off versus Jack Roslovic in Rampage zone.
7:31 of 2nd period - Wrist shot by Kirill Kaprizov.
7:31 of 2nd period - Deflect By Elias Lindholm.
7:31 of 2nd period - Goal by Elias Lindholm - Thunderbirds : 3 - Rampage : 3.
7:32 of 2nd period - Mitchell Heard wins face-off versus Jack Roslovic in neutral zone.
7:39 of 2nd period - Wrist shot by Petr Straka.
7:39 of 2nd period - Stopped by Carter Hutton with a rebound.
8:02 of 2nd period - Elias Lindholm is hit by T.J. Tynan and loses puck.
9:13 of 2nd period - Adam Clendening is hit by Niklas Hansson and loses puck.
9:24 of 2nd period - Adam Clendening is hit by Griffin Reinhart and loses puck.
9:40 of 2nd period - Icing by Collin Miller.
9:41 of 2nd period - Quinton Howden wins face-off versus Jack Roslovic in Rampage zone.
9:42 of 2nd period - Snap shot by Valentin Zykov.
9:42 of 2nd period - Deflect By Quinton Howden.
9:42 of 2nd period - Stopped by Elvis Merzlikins without a rebound.
9:43 of 2nd period - Quinton Howden wins face-off versus Jack Roslovic in Rampage zone.
10:38 of 2nd period - Slapshot by Griffin Reinhart.
10:38 of 2nd period - Shot Misses the Net.
10:40 of 2nd period - Slapshot by Griffin Reinhart.
10:40 of 2nd period - Shot Blocked by Nikita Nesterov.
10:42 of 2nd period - Wrist shot by Mitchell Heard.
10:42 of 2nd period - Stopped by Elvis Merzlikins without a rebound.
10:43 of 2nd period - Petr Straka wins face-off versus Quinton Howden in Rampage zone.
10:52 of 2nd period - John Draeger is hit by Brendan Lemieux and loses puck.
11:30 of 2nd period - Jordan Greenway is hit by Michal Jordan and loses puck.
11:35 of 2nd period - Slapshot by Michal Jordan.
11:35 of 2nd period - Deflect By Jordan Greenway.
11:35 of 2nd period - Stopped by Elvis Merzlikins with a rebound.
11:37 of 2nd period - Wrist shot by Hudson Fasching.
11:37 of 2nd period - Stopped by Elvis Merzlikins with a rebound.
12:11 of 2nd period - Off-side.
12:12 of 2nd period - Jack Roslovic wins face-off versus Quinton Howden in neutral zone.
12:25 of 2nd period - Snap shot by Brendan Lemieux.
12:25 of 2nd period - Shot Misses the Net.
12:33 of 2nd period - Snap shot by Quinton Howden.
12:33 of 2nd period - Shot Misses the Net.
13:21 of 2nd period - Off-side.
13:22 of 2nd period - Jean-Sebastien Dea wins face-off versus Elias Lindholm in neutral zone.
13:29 of 2nd period - Wrist shot by Jordan Greenway.
13:29 of 2nd period - Stopped by Carter Hutton without a rebound.
13:30 of 2nd period - Jack Roslovic wins face-off versus Elias Lindholm in Thunderbirds zone.
13:39 of 2nd period - Snap shot by Brendan Lemieux.
13:39 of 2nd period - Stopped by Carter Hutton without a rebound.
13:40 of 2nd period - Jack Roslovic wins face-off versus Elias Lindholm in Thunderbirds zone.
13:41 of 2nd period - Wrist shot by Petr Straka.
13:41 of 2nd period - Stopped by Carter Hutton without a rebound.
13:42 of 2nd period - Jack Roslovic wins face-off versus Elias Lindholm in Thunderbirds zone.
13:45 of 2nd period - Snap shot by Jack Roslovic.
13:45 of 2nd period - Deflect By Elias Lindholm.
13:45 of 2nd period - Stopped by Carter Hutton without a rebound.
13:46 of 2nd period - Elias Lindholm wins face-off versus Jack Roslovic in Thunderbirds zone.
13:57 of 2nd period - Wrist shot by Tom Kuhnhackl.
13:57 of 2nd period - Shot Hit the Post.
13:59 of 2nd period - Slapshot by Niklas Hansson.
13:59 of 2nd period - Shot Blocked by Kevan Miller.
14:01 of 2nd period - Snap shot by Tom Kuhnhackl.
14:01 of 2nd period - Stopped by Elvis Merzlikins without a rebound.
14:02 of 2nd period - Mitchell Heard wins face-off versus T.J. Tynan in Rampage zone.
14:05 of 2nd period - Snap shot by Mitchell Heard.
14:05 of 2nd period - Shot Blocked by Tony DeAngelo.
14:56 of 2nd period - Snap shot by Tom Kuhnhackl.
14:56 of 2nd period - Deflect By Kevan Miller.
14:56 of 2nd period - Stopped by Elvis Merzlikins without a rebound.
14:57 of 2nd period - Elias Lindholm wins face-off versus T.J. Tynan in Rampage zone.
15:54 of 2nd period - Wrist shot by Mathieu Joseph.
15:54 of 2nd period - Stopped by Carter Hutton with a rebound.
16:05 of 2nd period - Icing by Ethan Bear.
16:06 of 2nd period - Dylan Sikura wins face-off versus Tanner Laczynski in Rampage zone.
16:15 of 2nd period - Slapshot by Nikita Nesterov.
16:15 of 2nd period - Shot Misses the Net.
16:17 of 2nd period - Wrist shot by Dylan Sikura.
16:17 of 2nd period - Shot Misses the Net.
16:52 of 2nd period - Wrist shot by Kirill Kaprizov.
16:52 of 2nd period - Shot Blocked by Ryan Lomberg.
17:11 of 2nd period - Adam Clendening is hit by Hudson Fasching and loses puck.
17:20 of 2nd period - Matt Puempel is hit by Mathieu Joseph and loses puck.
17:35 of 2nd period - Snap shot by Valentin Zykov.
17:35 of 2nd period - Stopped by Elvis Merzlikins with a rebound.
17:37 of 2nd period - Snap shot by Jerry D'Amigo.
17:37 of 2nd period - Stopped by Elvis Merzlikins without a rebound.
17:38 of 2nd period - Jack Roslovic wins face-off versus Quinton Howden in Rampage zone.
17:47 of 2nd period - Snap shot by Brendan Lemieux.
17:47 of 2nd period - Shot Misses the Net.
17:49 of 2nd period - Snap shot by Kevan Miller.
17:49 of 2nd period - Deflect By Quinton Howden.
17:49 of 2nd period - Stopped by Carter Hutton with a rebound.
17:51 of 2nd period - Wrist shot by Jack Roslovic.
17:51 of 2nd period - Stopped by Carter Hutton without a rebound.
17:52 of 2nd period - Elias Lindholm wins face-off versus T.J. Tynan in Thunderbirds zone.
17:54 of 2nd period - Minor Penalty to Tom Kuhnhackl for Tripping.
17:55 of 2nd period - Quinton Howden wins face-off versus Jack Roslovic in Thunderbirds zone.
18:21 of 2nd period - Quinton Howden is hit by Tony DeAngelo and loses puck.
18:46 of 2nd period - Collin Miller is hit by Griffin Reinhart and loses puck.
19:54 of 2nd period - Penalty to Tom Kuhnhackl is over, Tom Kuhnhackl is back on ice.
Goals for this period are 3 for Thunderbirds vs 1 for Rampage.
Shots for this period are 19 for Thunderbirds vs 16 for Rampage.
3rd period
0:01 of 3rd period - Quinton Howden wins face-off versus Jack Roslovic in neutral zone.
0:11 of 3rd period - Off-side.
0:12 of 3rd period - Jack Roslovic wins face-off versus Elias Lindholm in neutral zone.
0:15 of 3rd period - Elias Lindholm is hit by Jack Roslovic and loses puck.
1:02 of 3rd period - Wrist shot by Jordan Greenway.
1:02 of 3rd period - Stopped by Carter Hutton with a rebound.
1:04 of 3rd period - Snap shot by Tony DeAngelo.
1:04 of 3rd period - Stopped by Carter Hutton with a rebound.
1:06 of 3rd period - Snap shot by Mathieu Joseph.
1:06 of 3rd period - Stopped by Carter Hutton with a rebound.
1:08 of 3rd period - Slapshot by Kevan Miller.
1:08 of 3rd period - Shot Blocked by Mitchell Heard.
1:10 of 3rd period - Snap shot by Mathieu Joseph.
1:10 of 3rd period - Shot Misses the Net.
1:12 of 3rd period - Slapshot by Jean-Sebastien Dea.
1:12 of 3rd period - Stopped by Carter Hutton with a rebound.
1:42 of 3rd period - Snap shot by Tom Kuhnhackl.
1:42 of 3rd period - Shot Misses the Net.
2:42 of 3rd period - Icing by Dylan Gambrell.
2:43 of 3rd period - Dylan Gambrell wins face-off versus Elias Lindholm in Rampage zone.
3:37 of 3rd period - Wrist shot by Denis Gurianov.
3:37 of 3rd period - Goal by Denis Gurianov - Thunderbirds : 3 - Rampage : 4.
3:38 of 3rd period - Jack Roslovic wins face-off versus Quinton Howden in neutral zone.
3:45 of 3rd period - Snap shot by Jack Roslovic.
3:45 of 3rd period - Shot Misses the Net.
3:52 of 3rd period - Off-side.
3:53 of 3rd period - Elias Lindholm wins face-off versus T.J. Tynan in neutral zone.
3:58 of 3rd period - Slapshot by Kirill Kaprizov.
3:58 of 3rd period - Shot Misses the Net.
4:09 of 3rd period - Icing by Kevan Miller.
4:10 of 3rd period - T.J. Tynan wins face-off versus Quinton Howden in Rampage zone.
4:19 of 3rd period - T.J. Tynan is hit by Quinton Howden and loses puck.
5:16 of 3rd period - Kevan Miller is hit by Valentin Zykov and loses puck.
5:39 of 3rd period - Petr Straka is hit by Roberts Lipsbergs and loses puck.
6:15 of 3rd period - Snap shot by Mitchell Heard.
6:15 of 3rd period - Stopped by Elvis Merzlikins with a rebound.
6:17 of 3rd period - Wrist shot by Mitchell Heard.
6:17 of 3rd period - Shot Misses the Net.
6:19 of 3rd period - Slapshot by Hudson Fasching.
6:19 of 3rd period - Stopped by Elvis Merzlikins without a rebound.
6:20 of 3rd period - Jack Roslovic wins face-off versus Mitchell Heard in Rampage zone.
6:33 of 3rd period - Slapshot by Nikita Nesterov.
6:33 of 3rd period - Shot Misses the Net.
7:04 of 3rd period - Collin Miller is hit by Viktor Baldayev and loses puck.
7:39 of 3rd period - Snap shot by Hudson Fasching.
7:39 of 3rd period - Stopped by Elvis Merzlikins with a rebound.
7:41 of 3rd period - Slapshot by Mitchell Heard.
7:41 of 3rd period - Stopped by Elvis Merzlikins with a rebound.
7:43 of 3rd period - Snap shot by Mitchell Heard.
7:43 of 3rd period - Shot Blocked by Collin Miller.
7:45 of 3rd period - Wrist shot by Mitchell Heard.
7:45 of 3rd period - Deflect By Jack Roslovic.
7:45 of 3rd period - Goal by Mitchell Heard - Thunderbirds : 4 - Rampage : 4.
7:46 of 3rd period - T.J. Tynan wins face-off versus Quinton Howden in neutral zone.
7:48 of 3rd period - Minor Penalty to Denis Gurianov for Tripping.
7:49 of 3rd period - Quinton Howden wins face-off versus Jack Roslovic in Rampage zone.
8:05 of 3rd period - Wrist shot by Artturi Lehkonen.
8:05 of 3rd period - Stopped by Carter Hutton without a rebound.
8:06 of 3rd period - Elias Lindholm wins face-off versus Jordan Greenway in Thunderbirds zone.
8:28 of 3rd period - Tony DeAngelo is hit by Kirill Kaprizov and loses puck.
8:43 of 3rd period - Slapshot by Kirill Kaprizov.
8:43 of 3rd period - Goal by Kirill Kaprizov - Thunderbirds : 5 - Rampage : 4.
8:44 of 3rd period - Quinton Howden wins face-off versus T.J. Tynan in neutral zone.
8:44 of 3rd period - Quinton Howden is hit by T.J. Tynan.
9:04 of 3rd period - T.J. Tynan is hit by Valentin Zykov and loses puck.
9:20 of 3rd period - Petr Straka is hit by Niklas Hansson and loses puck.
11:16 of 3rd period - Snap shot by T.J. Tynan.
11:16 of 3rd period - Stopped by Carter Hutton with a rebound.
11:18 of 3rd period - Slapshot by Ryan Lomberg.
11:18 of 3rd period - Shot Blocked by Viktor Baldayev.
11:20 of 3rd period - Slapshot by Nikita Nesterov.
11:20 of 3rd period - Rampage goal is going for a video replay.
11:20 of 3rd period - The goal is refused. The puck has been directed, batted or thrown into the net by an attacking player other than with a stick..
11:21 of 3rd period - Tanner Laczynski wins face-off versus T.J. Tynan in Thunderbirds zone.
11:21 of 3rd period - Tanner Laczynski is hit by T.J. Tynan.
12:13 of 3rd period - Snap shot by Tom Kuhnhackl.
12:13 of 3rd period - Stopped by Elvis Merzlikins with a rebound.
12:15 of 3rd period - Slapshot by Niklas Hansson.
12:15 of 3rd period - Deflect By Jack Roslovic.
12:15 of 3rd period - Stopped by Elvis Merzlikins with a rebound.
12:35 of 3rd period - Slapshot by Hudson Fasching.
12:35 of 3rd period - Shot Blocked by Jean-Sebastien Dea.
12:51 of 3rd period - Snap shot by Dylan Gambrell.
12:51 of 3rd period - Shot Misses the Net.
12:57 of 3rd period - Snap shot by Artturi Lehkonen.
12:57 of 3rd period - Stopped by Carter Hutton without a rebound.
12:58 of 3rd period - Jack Roslovic wins face-off versus Jerry D'Amigo in Thunderbirds zone.
13:09 of 3rd period - Slapshot by Quinton Howden.
13:09 of 3rd period - Stopped by Elvis Merzlikins without a rebound.
13:10 of 3rd period - Quinton Howden wins face-off versus Jack Roslovic in Rampage zone.
13:11 of 3rd period - Snap shot by Valentin Zykov.
13:11 of 3rd period - Stopped by Elvis Merzlikins with a rebound.
13:35 of 3rd period - Jack Roslovic is hit by Niklas Hansson and loses puck.
13:46 of 3rd period - Snap shot by Mitchell Heard.
13:46 of 3rd period - Shot Misses the Net.
13:48 of 3rd period - Snap shot by Mitchell Heard.
13:48 of 3rd period - Shot Misses the Net.
14:20 of 3rd period - Slapshot by Jerry D'Amigo.
14:20 of 3rd period - Goal by Jerry D'Amigo - Thunderbirds : 6 - Rampage : 4.
14:21 of 3rd period - T.J. Tynan wins face-off versus Valentin Zykov in neutral zone.
14:34 of 3rd period - Snap shot by T.J. Tynan.
14:34 of 3rd period - Shot Misses the Net.
14:51 of 3rd period - Elias Lindholm is hit by Petr Straka and loses puck.
15:06 of 3rd period - Jean-Sebastien Dea is hit by Matt Puempel and loses puck.
15:13 of 3rd period - Mitchell Heard is hit by Mathieu Joseph and loses puck.
15:58 of 3rd period - Wrist shot by Denis Gurianov.
15:58 of 3rd period - Shot Blocked by Michal Jordan.
16:00 of 3rd period - Snap shot by Denis Gurianov.
16:00 of 3rd period - Stopped by Carter Hutton without a rebound.
16:01 of 3rd period - Tom Kuhnhackl wins face-off versus Jordan Greenway in Thunderbirds zone.
16:14 of 3rd period - Off-side.
16:15 of 3rd period - Jack Roslovic wins face-off versus Quinton Howden in neutral zone.
16:40 of 3rd period - Tony DeAngelo is hit by John Draeger and loses puck.
16:51 of 3rd period - Snap shot by Kirill Kaprizov.
16:51 of 3rd period - Stopped by Elvis Merzlikins without a rebound.
16:52 of 3rd period - Quinton Howden wins face-off versus Jean-Sebastien Dea in Rampage zone.
16:55 of 3rd period - Snap shot by Valentin Zykov.
16:55 of 3rd period - Shot Misses the Net.
17:00 of 3rd period - Off-side.
17:01 of 3rd period - Jean-Sebastien Dea wins face-off versus Quinton Howden in neutral zone.
17:06 of 3rd period - Slapshot by Ethan Bear.
17:06 of 3rd period - Shot Blocked by Jerry D'Amigo.
17:08 of 3rd period - Snap shot by Ethan Bear.
17:08 of 3rd period - Deflect By Mathieu Joseph.
17:08 of 3rd period - Shot Blocked by Quinton Howden.
17:08 of 3rd period - Puck is out of play.
17:09 of 3rd period - Quinton Howden wins face-off versus Jean-Sebastien Dea in Thunderbirds zone.
17:58 of 3rd period - Slapshot by Adam Clendening.
17:58 of 3rd period - Stopped by Carter Hutton without a rebound.
17:59 of 3rd period - Jean-Sebastien Dea wins face-off versus Quinton Howden in Thunderbirds zone.
18:00 of 3rd period - Slapshot by Mathieu Joseph.
18:00 of 3rd period - Stopped by Carter Hutton with a rebound.
18:33 of 3rd period - Slapshot by Petr Straka.
18:33 of 3rd period - Stopped by Carter Hutton without a rebound.
18:34 of 3rd period - Jack Roslovic wins face-off versus Quinton Howden in Thunderbirds zone.
18:37 of 3rd period - Snap shot by Brendan Lemieux.
18:37 of 3rd period - Goal by Brendan Lemieux - Thunderbirds : 6 - Rampage : 5.
18:38 of 3rd period - Quinton Howden wins face-off versus Jean-Sebastien Dea in neutral zone.
18:45 of 3rd period - Wrist shot by Quinton Howden.
18:45 of 3rd period - Shot Blocked by Kevan Miller.
19:18 of 3rd period - Slapshot by Niklas Hansson.
19:18 of 3rd period - Shot Misses the Net.
19:20 of 3rd period - Slapshot by Griffin Reinhart.
19:20 of 3rd period - Shot Misses the Net.
19:22 of 3rd period - Slapshot by Niklas Hansson.
19:22 of 3rd period - Stopped by Elvis Merzlikins without a rebound.
19:23 of 3rd period - Teemu Selanne call a timeout for Rampage.
19:23 of 3rd period - Quinton Howden wins face-off versus Jack Roslovic in Rampage zone.
19:27 of 3rd period - Icing by Petr Straka.
19:28 of 3rd period - Jack Roslovic wins face-off versus Quinton Howden in Rampage zone.
19:35 of 3rd period - Rampage, Elvis Merzlikins is pulled from the net.
19:37 of 3rd period - Snap shot by Jack Roslovic.
19:37 of 3rd period - Shot Misses the Net.
19:39 of 3rd period - Snap shot by Jack Roslovic.
19:39 of 3rd period - Shot Blocked by John Draeger.
19:41 of 3rd period - Wrist shot by Tony DeAngelo.
19:41 of 3rd period - Stopped by Carter Hutton with a rebound.
19:43 of 3rd period - Snap shot by Brendan Lemieux.
19:43 of 3rd period - Stopped by Carter Hutton with a rebound.
19:55 of 3rd period - Wrist shot by Tony DeAngelo.
19:55 of 3rd period - Stopped by Carter Hutton with a rebound.
19:57 of 3rd period - Wrist shot by Ethan Bear.
19:57 of 3rd period - Stopped by Carter Hutton without a rebound.
19:58 of 3rd period - Jack Roslovic wins face-off versus Quinton Howden in Thunderbirds zone.
Goals for this period are 3 for Thunderbirds vs 2 for Rampage.
Shots for this period are 13 for Thunderbirds vs 18 for Rampage.